 Dungeon Crawl Stone Soup version 0.29.1-12-g30fa7ad0bf (webtiles) character file.

Game seed: 2487229671781728304

60 zlionsfan the Chiller (level 3, 0/21 HPs)
             Began as a Felid Ice Elementalist on Jan 14, 2023.
             Succumbed to an adder's poison
             ... on level 2 of the Dungeon.
             The game lasted 00:05:39 (2302 turns).

zlionsfan the Chiller (Felid Ice Elementalist)      Turns: 2302, Time: 00:05:39

Health: 0/21       AC: 21    Str:  4    XL:     3   Next: 82%
Magic:  2/7        EV:  4    Int: 18    God:
Gold:   73         SH:  0    Dex: 22    Spells: 5/7 levels left
                                        Lives:  0   Deaths: 0

rFire   . . .      SeeInvis +     - Unarmed
rCold   . . .      Faith    .   (shield unavailable)
rNeg    . . .      Spirit   .   (body armour unavailable)
rPois   +          Reflect  .   (helmet unavailable)
rElec   .          Harm     .   (cloak unavailable)
rCorr   .          Rampage  .   (gloves unavailable)
Will    .....      NoTele   +   (boots unavailable)
Stlth   +++.......              (no amulet)
HPRegen 0.07/turn               f - +6 ring of dexterity
MPRegen 0.10/turn               (no ring)

@: lethally poisoned (0 -> -1), tree-form
A: stationary, stasis, torment immunity, boosted hp, very small, (claws 1),
(fangs 3), see invisible, (speed 1), (shaggy fur 1), (stealthy paws), no weapons
or thrown items, no armour, multi-lived
a: no special abilities


You were on level 2 of the Dungeon.
You were a tree.
You visited 1 branch of the dungeon, and saw 2 of its levels.

You collected 73 gold pieces.

Inventory:

Jewellery
 f - a +6 ring of dexterity (left branch)
Scrolls
 b - a scroll of magic mapping {unknown}
 d - a scroll of identify {unknown}
 e - 2 scrolls of enchant armour {unknown}
 g - a scroll of immolation {unknown}
Potions
 a - a potion of magic
 h - a potion of brilliance {unknown}
 i - a potion of heal wounds {unknown}


   Skills:
 + Level 3.0 Dodging
 + Level 3.0 Stealth
 * Level 1.3 Unarmed Combat
 + Level 2.6 Spellcasting
 * Level 4.2 Ice Magic
 + Level 0.2 Air Magic


You had 5 spell levels left.
You knew the following spells:

 Your Spells              Type           Power      Damage    Failure   Level
a - Freeze                Ice            68%        1d8       3%          1
b - Shock                 Conj/Air       8%         1d3       16%         1

Your spell library contained the following spells:

 Spells                   Type           Power      Damage    Failure   Level
 Frozen Ramparts          Ice            34%        1d6       9%          3
 Ozocubu's Armour         Ice            17%        N/A       9%          3
 Swiftness                Air            3%         N/A       43%         3
 Hailstorm                Conj/Ice       9%         3d4       56%         4
 Airstrike                Air            1%         2d(1-17)  83%         4


Dungeon Overview and Level Annotations

Branches:
Dungeon (2/15)

Altars:
The Shining One


Innate Abilities, Weirdness & Mutations

You are a tree.
Your roots penetrate the ground, keeping you stationary.
You cannot be teleported.
You are immune to unholy pain and torment.
Your maximum health is greatly increased.
((You have sharp claws.))
((You have razor-sharp teeth.))
You have supernaturally acute eyesight. (SInv)
((You cover ground quickly. (Speed+)))
((You are covered in fur. (AC +1)))
((Your paws help you pounce on unaware monsters.))
You are incapable of wielding weapons or throwing items.
You cannot wear armour.
You gain extra lives every three experience levels.


Message History

Aiming: Freeze (safe; 3% risk of failure)
Press: ? - help, Shift-Dir - straight line, f/p - adder
Aim: an adder (heavily wounded, slow)
You freeze the adder.
You kill the adder!
* * * LOW HITPOINT WARNING * * *
You feel sick.
Your Unarmed Combat skill increases to level 1!
Casting: Freeze (safe; 3% risk of failure)
Confirm with . or Enter, or press ? or * to list all spells.
Aiming: Freeze (safe; 3% risk of failure)
Press: ? - help, Shift-Dir - straight line, f - adder
Aim: an adder You freeze the adder.
The adder is heavily wounded.
* * * LOW HITPOINT WARNING * * *
You feel sick. The adder misses you. The adder bites you.
* * * LOW HITPOINT WARNING * * *
It was a potion of lignification.
You turn into a tree.
Your roots penetrate the ground.
* * * LOW HITPOINT WARNING * * *
You feel sick. The adder bites you but does no damage.
Casting: Freeze (safe; 3% risk of failure)
Confirm with . or Enter, or press ? or * to list all spells.
Aiming: Freeze (safe; 3% risk of failure)
Press: ? - help, Shift-Dir - straight line, f/p - adder
Aim: an adder (heavily wounded)
You freeze the adder.
The adder is almost dead.
The adder seems to slow down.
* * * LOW HITPOINT WARNING * * *
You feel sick. The adder bites you but does no damage.
Casting: Freeze (safe; 3% risk of failure)
Confirm with . or Enter, or press ? or * to list all spells.
Aiming: Freeze (safe; 3% risk of failure)
Press: ? - help, Shift-Dir - straight line, f/p - adder
Aim: an adder (almost dead, slow)
You freeze the adder.
You kill the adder!
You die...

...# ... ... .. #.#. .#
....####.#####
.#..........# .....#†###
#
.....#.♣.##>##.#########
...............#.......#
.........##.####.####..#
.....#......# #.####...
#######.##### #.##.....
#...# #.##.#... #...#
####........ #...#
#...........
#...####÷#..##.....


There were no monsters in sight!

Vanquished Creatures
  2 adders (D:2)
  A worm (D:2)
  6 ball pythons
  3 bats (D:1)
  5 endoplasms
  4 giant cockroaches
  7 goblins
  4 hobgoblins (D:1)
  4 jackals (D:1)
  A kobold (D:2)
  2 frilled lizards (D:1)
  3 rats (D:1)
42 creatures vanquished.

Vanquished Creatures (others)
  5 withered plants (D:1)
5 creatures vanquished.

Grand Total: 47 creatures vanquished

Notes
Turn   | Place    | Note
-------+----------+-------------------------------------------
     0 | D:1      | zlionsfan the Felid Ice Elementalist began the quest for
                  | the Orb.
     0 | D:1      | Reached XP level 1. HP: 7/7 MP: 4/4
   214 | D:1      | Found a faded altar of an unknown god.
   372 | D:1      | Reached XP level 2. HP: 11/11 MP: 4/6
   724 | D:1      | Reached skill level 4 in Ice Magic
   809 | D:1      | Learned a level 1 spell: Shock
  1218 | D:1      | Reached XP level 3. HP: 14/14 MP: 4/7
  2139 | D:2      | Found a glowing golden altar of the Shining One.
  2299 | D:2      | Reached skill level 1 in Unarmed Combat
  2301 | D:2      | HP: 1/21 [poisoned by an adder]
  2302 | D:2      | Succumbed to an adder's poison

Illustrated notes

Levels and vault maps discovered:
D:1:      lightli_arrival_boilingwater, layout_basic,
          shapermc_ecumenical_altar_flowoftime
D:2:      layout_loops_cross, basic_altar, minmay_snake_closets

Skill      XL: |  1  2  3 |
---------------+----------+-----
Ice Magic      | 4 |  4.2
Stealth        | 3 |  3.0
Dodging        | 3 |  3.0
Unarmed Combat | 1 |  1.3
Spellcasting   | |  2.6
Air Magic      | |  0.2

Action                   || total
-------------------------++-------
Melee: Unarmed           ||    57
       Bite              ||     8
       Punch             ||     1
 Cast: Freeze            ||    48
       Shock             ||    10
  Use: Potion            ||     1
 Stab: Sleeping          ||     6
Armor: Skin              ||    10
Dodge: Dodged            ||    57
